 Dungeon Crawl Stone Soup version 0.31.0-11-ge490571c62 (webtiles) character file.

Game seed: 7871371999207192111

3864 Sobieck the Grappler (level 10, -4/49 HPs)
             Began as a Vine Stalker Warper on Feb 1, 2024.
             Was a Believer of Cheibriados.
             Slain by a troll (10 damage)
             ... on level 8 of the Dungeon.
             The game lasted 00:16:20 (7028 turns).

Sobieck the Grappler (Vine Stalker Warper)          Turns: 7028, Time: 00:16:21

Health: -4/49      AC:  7    Str: 24    XL:     10   Next: 19%
Magic:  0/17       EV: 13    Int: 25    God:    Cheibriados [**....]
Gold:   657        SH:  0    Dex: 20    Spells: 14/18 levels left

rFire   . .          .
                       - Unarmed
rCold   . . .        (no shield)
rNeg    . . .        a - +0 leather armour
rPois   +            p - +1 helmet
rElec   .            q - +0 cloak
rCorr   .            (no gloves)
SInv    .            l - +0 pair of boots
Will    +....        (no amulet)
Stlth   +++          x - +6 ring of intelligence
HPRegen 1.08/turn    o - ring of poison resistance
MPRegen 0.15/turn

%: guardian spirit
@: invisible, very slow
A: fangs 3, regeneration 1, magic shield, antimagic bite, no potion heal 2
a: Renounce Religion, Bend Time


You were on level 8 of the Dungeon.
You worshipped Cheibriados.
Cheibriados was pleased with you.
You visited 2 branches of the dungeon, and saw 9 of its levels.
You also visited: Sewer and Ossuary.

You collected 657 gold pieces.

Inventory:

Missiles
 j - 54 stones (quivered)
 k - 15 poisoned darts
 t - 4 boomerangs
 K - 7 darts of dispersal
 Z - 2 throwing nets
Armour
 a - a +0 leather armour (worn)
 l - a +0 pair of boots (worn)
 p - a +1 helmet (worn)
 q - a +0 cloak (worn)
 F - a +0 pair of gloves
Jewellery
 m - a ring of fire
 n - a ring of positive energy
 o - a ring of poison resistance (right hand)
 x - a +6 ring of intelligence (left hand)
 y - a ring of wizardry
 C - a ring of flight
Wands
 D - a wand of digging (3)
 I - a wand of iceblast (3)
Scrolls
 b - a scroll of blinking
 c - 3 scrolls of fog
 d - a scroll of torment
 h - a scroll of amnesia
 r - 2 scrolls of vulnerability
 s - a scroll of enchant armour
 B - a scroll of brand weapon {unknown}
 E - a scroll of fear
 T - 3 scrolls of teleportation
Potions
 f - 3 potions of brilliance
 g - 2 potions of attraction
 i - a potion of mutation
 u - 2 potions of enlightenment
 w - a potion of cancellation
 z - a potion of might
 Q - 4 potions of curing


   Skills:
 + Level 3.7 Fighting
 - Level 0.8 Throwing
 - Level 0.7 Armour
 + Level 2.4 Dodging
 + Level 4.2 Stealth
 * Level 11.4 Unarmed Combat
 + Level 4.6 Spellcasting
 - Level 6.0 Translocations
 + Level 2.0 Invocations


You had 14 spell levels left.
You knew the following spells:

 Your Spells              Type           Power      Damage    Failure   Level
a - Blink                 Tloc           70%        N/A       1%          2
b - Lesser Beckoning      Tloc           70%        N/A       1%          2

Your spell library contained the following spells:

 Spells                   Type           Power      Damage    Failure   Level
 Teleport Other           Tloc           35%        N/A       2%          3
 Manifold Assault         Tloc           35%        N/A       9%          4
 Magic Dart               Conj           20%        1d4       10%         1
 Call Imp                 Summ           10%        N/A       16%         2
 Sublimation of Blood     Necr           5%         N/A       16%         2
 Vhi's Electric Charge    Tloc/Air       40%        N/A       28%         4
 Petrify                  Alch/Erth      5%         N/A       69%         4
 Irradiate                Conj/Alch      2%         3d12      95%         5


Dungeon Overview and Level Annotations

Branches:
Dungeon (8/15)             Temple (1/1) D:5            Lair (0/5) D:8
  Sewer (visited)         Ossuary (visited)

Altars:
Cheibriados
Dithmenos
Elyvilon
Fedhas
Hepliaklqana
Makhleb
Nemelex Xobeh
Qazlal
Ru
Sif Muna
Trog
Uskayaw
Vehumet
Wu Jian
Xom
Yredelemnul
The Shining One

Annotations:
D:3 2 transporters, zeez's ghost, novice MfFi
D:8 Maurice


Innate Abilities, Weirdness & Mutations

You have razor-sharp teeth.
Your natural rate of healing is unusually fast.
When hurt, damage is shared between your health and your magic reserves.
Your bite disrupts and absorbs the magic of your enemies.
Potions cannot restore your health.


Message History

A bolt of light appears from out of thin air!
The bolt of light hits you!
You are confused.
Danger!
Unknown command.
You're too confused to cast spells.
You bump into the rock wall.
Unknown command.
You hit something. Your bite misses something.
Something hits you but does no damage. Something bites you but does no damage.
You bump into the rock wall.
Something hits you.
Something steals 437 gold pieces!
You now have 1117 gold pieces.
Something bites you but does no damage.
A troll comes into view.
Unknown command.
Unknown command.
You bump into the rock wall.
You feel less confused. Something hits you.
Something steals your staff of conjuration!
Something bites you.
You feel your power leaking away. Something drains your magic.
Danger!
You hit the troll but do no damage. Your bite misses the troll.
Something hits you.
* * * LOW HITPOINT WARNING * * *
Something steals 2 of your 6 boomerangs!
Something bites you.
* * * LOW HITPOINT WARNING * * *
You feel your power leaking away. Something drains your magic.
The troll bites you!
* * * LOW HITPOINT WARNING * * *
The troll claws you!
* * * LOW HITPOINT WARNING * * *
The troll claws you but does no damage.
Unknown command.
Blink to where?
Press: ? - help, Dir - move target
Okay, then.
Unknown command.
You fade into invisibility!
Something hits you!
* * * LOW HITPOINT WARNING * * *
Something steals 460 gold pieces!
You now have 657 gold pieces.
Something bites you.
* * * LOW HITPOINT WARNING * * *
You feel your power leaking away. The troll barely misses you.
The troll claws you!
You die...

#.#....#
#.#...#
#.#.# #...#
#...# ###.#
. #.# ..
#.#######.#
.##
#......@T.#
....
#########.#
.....
###.#......
#>#........
#..###...#.
#...# ###
#.### #.###
#...#


You could see a troll (unable to see you).

Vanquished Creatures
  Pikel (D:6)
  5 yaks
  Duvessa (D:7)
  3 ice beasts
  Pargi (Sewer)
  2 orc warriors (D:7)
  A sky beast (D:7)
  A black bear (D:5)
  A centaur (D:7)
  2 phantoms
  A bullfrog (D:6)
  3 elf zombies (Ossuary)
  2 brain worms (Sewer)
  2 scorpions
  Dowan (D:7)
  A burial acolyte (Ossuary)
  4 bombardier beetles
  5 hounds
  2 orc priests (D:7)
  3 jellies
  Crazy Yiuf (D:7)
  A gnoll bouda (D:5)
  An iguana (D:3)
  4 orc wizards
  2 crocodile zombies (Ossuary)
  A hound zombie (Ossuary)
  3 mummies (Ossuary)
  4 gnolls
  12 adders
  A shadow imp (D:6)
  A white imp (D:7)
  4 adder zombies (Ossuary)
  3 ribbon worms
  15 orcs
  2 endoplasms
  3 giant cockroaches
  2 gnoll zombies (Ossuary)
  7 goblins
  12 hobgoblins
  3 jackals (D:3)
  9 kobolds
  3 quokkas
  2 ball pythons (D:1)
  3 ball python zombies (Ossuary)
  2 bats (D:3)
  2 frilled lizards
  3 jackal zombies (Ossuary)
  9 kobold zombies (Ossuary)
  3 orc zombies (Ossuary)
  7 rats
167 creatures vanquished.

Notes
Turn   | Place    | Note
-------+----------+-------------------------------------------
     0 | D:1      | Sobieck the Vine Stalker Warper began the quest for the
                  | Orb.
     0 | D:1      | Reached XP level 1. HP: 11/11 MP: 4/4
   285 | D:1      | Reached skill level 1 in Stealth
   437 | D:1      | Reached XP level 2. HP: 13/15 MP: 4/6
  1179 | D:2      | Reached XP level 3. HP: 16/18 MP: 5/7
  1317 | D:2      | Reached skill level 3 in Unarmed Combat
  1567 | D:2      | Reached skill level 3 in Stealth
  1569 | D:2      | Reached XP level 4. HP: 23/23 MP: 8/8
  2031 | D:3      | Found a transporter.
  2033 | D:3      | Noticed zeez's ghost (novice MfFi)
  2034 | D:3      | Found a transporter.
  2088 | D:3      | Reached skill level 4 in Unarmed Combat
  2098 | D:3      | Found a faded altar of an unknown god.
  2232 | D:3      | Reached XP level 5. HP: 15/26 MP: 4/9
  2512 | D:3      | Reached skill level 5 in Unarmed Combat
  2894 | D:4      | Found an ornate altar of the Wu Jian Council.
  2894 | D:4      | Found a white marble altar of Elyvilon.
  3005 | D:4      | Found a glowing drain.
  3016 | D:4      | Reached XP level 6. HP: 30/30 MP: 10/10
  3025 | Sewer    | Entered a sewer
  3077 | Sewer    | Reached skill level 6 in Unarmed Combat
  3152 | Sewer    | Noticed Pargi
  3172 | Sewer    | Killed Pargi
  3173 | Sewer    | Reached skill level 7 in Unarmed Combat
  3173 | Sewer    | Reached XP level 7. HP: 17/34 MP: 8/11
  3265 | D:4      | Identified a scroll of acquirement
  3265 | D:4      | Acquired 1116 gold pieces
  4068 | D:5      | Entered Level 5 of the Dungeon
  4087 | D:5      | Found a staircase to the Ecumenical Temple.
  4096 | Temple   | Entered the Ecumenical Temple
  4170 | D:5      | Found a radiant altar of Vehumet.
  4207 | D:5      | Reached skill level 8 in Unarmed Combat
  4335 | D:5      | Found a snail-covered altar of Cheibriados.
  4361 | D:5      | Became a worshipper of Cheibriados the Contemplative
  4431 | D:5      | Found a shimmering altar of Xom.
  4632 | D:5      | Gained mutation: You have razor-sharp teeth. [Vine Stalker
                  | growth]
  4632 | D:5      | Reached XP level 8. HP: 33/39 MP: 8/13
  5001 | D:6      | Learned a level 2 spell: Blink
  5004 | D:6      | Learned a level 2 spell: Lesser Beckoning
  5077 | D:6      | Reached skill level 3 in Spellcasting
  5142 | D:6      | Reached * piety under Cheibriados
  5452 | D:7      | Noticed Pikel
  5481 | D:7      | Reached skill level 3 in Fighting
  5481 | D:7      | Reached skill level 9 in Unarmed Combat
  5514 | D:7      | Found a sand-covered staircase.
  5520 | Ossuary  | Entered an ossuary
  5730 | Ossuary  | Reached XP level 9. HP: 44/44 MP: 16/16
  5891 | D:6      | Killed Pikel
  5892 | D:6      | Reached skill level 10 in Unarmed Combat
  5980 | D:7      | Reached ** piety under Cheibriados
  6038 | D:7      | Found a runed translucent door.
  6039 | D:7      | Noticed Crazy Yiuf
  6045 | D:7      | Killed Crazy Yiuf
  6341 | D:7      | Reached skill level 6 in Translocations
  6346 | D:7      | Reached skill level 11 in Unarmed Combat
  6459 | D:6      | Reached skill level 1 in Invocations
  6466 | D:6      | Reached XP level 10. HP: 37/49 MP: 14/17
  6506 | D:7      | Noticed Duvessa
  6506 | D:7      | Noticed Dowan
  6514 | D:7      | Killed Duvessa
  6521 | D:7      | Killed Dowan
  6986 | D:8      | Found a staircase to the Lair.
  7005 | D:8      | Noticed Maurice
  7018 | D:8      | Something stole an amulet of faith
  7025 | D:8      | Something stole 437 gold
  7026 | D:8      | Something stole a staff of conjuration
  7027 | D:8      | Something stole 6 boomerangs
  7028 | D:8      | Something stole 460 gold
  7028 | D:8      | Slain by a troll

Illustrated notes

Levels and vault maps discovered:
D:1:      onia_arrival_mini_spirals, layout_basic
D:2:      cheibrodos_helix_gallery, layout_basic, minmay_pentomino_q4
D:3:      layout_basic, ebering_ecumenical_altar_box, gammafunk_ghost_mausoleum
D:4:      layout_loops_ring, gammafunk_temple_overflow_wave, serial_aquarium,
          aquarium_bridge_straight [aquarium_subvault_bridge,
          aquarium_subvault_balcony, aquarium_subvault_bridge,
          aquarium_subvault_wall], aquarium_window_2, aquarium_window_1,
          aquarium_window_2, aquarium_view_2d, aquarium_balcony_double_1,
          portal_sewer_entry_d
D:5:      layout_loops_ring, mainiacjoe_overflow_surrounded_room,
          cheibrodos_worm_habitat, nicolae_vehumet_altar_sigil,
          minmay_temple_entry_drinking_statues
D:6:      layout_basic
D:7:      layout_gridville, nicolae_ossuary_entry_plus, grunt_decor_resistance,
          uniq_duvessa, uniq_pikel, uniq_crazy_yiuf_cottage
D:8:      minmay_curly_fans, layout_loops_ring, mainiacjoe_overflow_alcove_2,
          lair_entry_dummy, uniq_maurice, uniq_jeremiah
Temple:   hellmonk_temple_flake

Skill      XL: |  1  2  3  4  5  6  7  8  9 10 |
---------------+-------------------------------+-----
Stealth        | 1 2 3 4 |  4.2
Unarmed Combat | 3 4 5 7 8 9 11 | 11.4
Fighting       | 2 3 |  3.7
Spellcasting   | 4 |  4.6
Translocations | 4 6 |  6.0
Dodging        | 2 |  2.4
Invocations    | 1 2 |  2.0
Throwing       | |  0.8
Armour         | |  0.7

Action                     |  1- 3 |  4- 6 |  7- 9 | 10-12 || total
---------------------------+-------+-------+-------+-------++-------
  Melee: Unarmed           |    88 |   140 |   306 |    43 ||   577
         Bite              |    20 |    34 |   102 |    21 ||   177
         Punch             |       |     7 |    22 |     5 ||    34
  Throw: Stone             |       |     9 |    28 |     4 ||    41
   Cast: Lesser Beckoning  |       |       |       |     3 ||     3
    Use: Scroll            |       |       |    24 |       ||    24
         Potion            |       |       |     1 |     2 ||     3
   Stab: Sleeping          |     3 |     7 |     5 |       ||    15
         Distracted        |       |       |     1 |       ||     1
 Armour: Leather armour    |    42 |    91 |   209 |    39 ||   381
  Dodge: Dodged            |    40 |    94 |   154 |    19 ||   307
